 Dungeon Crawl Stone Soup version 0.21-a0-95-g06f091e (webtiles) character file.

55 HAL9000 the Ruffian (level 3, -3/28 HPs)
             Began as a Draconian Transmuter on July 4, 2017.
             Killed from afar by Natasha (6 damage)
             ... with a magic dart
             ... on level 2 of the Dungeon.
             The game lasted 00:02:13 (1090 turns).

HAL9000 the Ruffian (Draconian Transmuter)          Turns: 1090, Time: 00:02:13

Health: -3/28      AC:  7    Str: 13    XL:     3   Next: 67%
Magic:  3/6        EV: 12    Int: 13    God:
Gold:   46         SH:  0    Dex: 11    Spells: 3/6 levels left

rFire    . . .     SeeInvis .     - Unarmed
rCold    . . .     Gourm    .   (no shield)
rNeg     . . .     Faith    .   (armour unavailable)
rPois    .         Spirit   .   (helmet restricted)
rElec    .         Reflect  .   (no cloak)
rCorr    .         Harm     .   (no gloves)
MR       .....                  d - +1 pair of boots
Stlth    +.........             (no amulet)
HPRegen  0.09/turn              (no ring)
MPRegen  0.10/turn              (no ring)

@: appendage
A: unfitting armour, horns 2, cold-blooded, AC +5
a: End Transformation


You were on level 2 of the Dungeon.
You were hungry.
You had grown temporary horns.
You visited 1 branch of the dungeon, and saw 2 of its levels.

You collected 46 gold pieces.

Inventory:

Missiles
 a - 26 arrows
Armour
 d - a +1 pair of boots (worn)
Scrolls
 e - a scroll of enchant weapon {unknown}
 f - a scroll of magic mapping {unknown}
 h - 2 scrolls of identify {unknown}
 i - 2 scrolls of remove curse {unknown}
 j - a scroll of recharging {unknown}
Potions
 g - a potion of heal wounds {unknown}
 k - a potion of lignification {unknown}
Books
 b - a book of Changes

   Spells                             Type                      Level
   a - Beastly Appendage              Transmutation                1
   b - Sticks to Snakes               Transmutation                2
   c - Spider Form                    Transmutation/Poison         3
   d - Ice Form                       Ice/Transmutation            4
   e - Blade Hands                    Transmutation                5
Comestibles
 c - a bread ration


   Skills:
 - Level 1.1 Fighting
 - Level 1.7 Dodging
 + Level 4.0 Unarmed Combat
 - Level 2.0 Spellcasting
 + Level 3.1 Transmutations


You had 3 spell levels left.
You knew the following spells:

 Your Spells              Type           Power        Failure   Level  Hunger
a - Beastly Appendage     Tmut           #.....       7%          1    ##.....
b - Sticks to Snakes      Tmut           #.......     11%         2    ###....


Dungeon Overview and Level Annotations

Branches:
Dungeon (2/15)

Altars:

Annotations:
D:2 Natasha


Innate Abilities, Weirdness & Mutations

Your plain brown scales are hard. (AC +5)
You cannot fit into any form of body armour.
You are cold-blooded and may be slowed by cold attacks.
You have a pair of horns on your head.


Message History

You hit Natasha but do no damage.
Natasha is severely wounded.
Your ball python bites Natasha but does no damage.
Your ball python constricts Natasha.
Natasha claws your ball python.
Your ball python dies!
Natasha hisses angrily.
Unknown command.
Casting: Sticks to Snakes
Confirm with . or Enter, or press ? or * to list all spells.
You grow a pair of large bovine horns.
Natasha claws you!
* * * LOW HITPOINT WARNING * * *
You hit Natasha but do no damage.
Natasha is severely wounded.
Natasha claws you but does no damage.
Unknown command.
You miss Natasha.
Natasha is severely wounded.
Natasha casts a spell at you. The magic dart hits you!
You die...

...... ..... ...$ ... ..
#.################
######h#.......)......#
.......@..........>##.#
#......#.##......#.##.#
#..[...#.......#.#.##.##
#......####.##.#.#......
#......##...##.#.#######
#......#.......#<#
#......#################
#...... #..........
#.####.####


You could see Natasha.

Vanquished Creatures
  Terence (D:2)
  A dart slug (D:1)
  2 leopard geckos
  5 bats (D:1)
  3 goblins
  2 hobgoblins (D:1)
  4 jackals (D:1)
  3 kobolds (D:1)
  A frilled lizard (D:1)
  3 rats (D:1)
25 creatures vanquished.

Notes
Turn   | Place    | Note
-------+----------+-------------------------------------------
     0 | D:1      | HAL9000 the Draconian Transmuter began the quest for the Orb.
     0 | D:1      | Reached XP level 1. HP: 16/16 MP: 3/3
   253 | D:1      | Reached XP level 2. HP: 21/23 MP: 5/5
   909 | D:1      | Learned a level 2 spell: Sticks to Snakes
   970 | D:2      | Reached XP level 3. HP: 28/28 MP: 6/6
   993 | D:2      | Noticed Terence
  1046 | D:2      | Killed Terence
  1046 | D:2      | Reached skill level 4 in Unarmed Combat
  1075 | D:2      | Noticed Natasha
  1090 | D:2      | Killed from afar by Natasha

Vault maps used:
D:1:      dpeg_arrival_erosion, serial_curves, eino_curves_02, eino_curves_04
D:2:      minmay_door_path, grunt_decor_fettered, hangedman_glass_teeth,
          uniq_natasha, uniq_jessica, uniq_crazy_yiuf_cottage, uniq_terence

Skill      XL: |  1  2  3 |
---------------+----------+-----
Unarmed Combat | 4 |  4.0
Transmutations | 3 |  3.1
Fighting       | |  1.1
Dodging        | |  1.7
Spellcasting   | |  2.0

Action                   || total
-------------------------++-------
Melee: Unarmed           ||    93
       Headbutt          ||     7
       Tailslap          ||     6
       Punch             ||     1
 Cast: Beastly Appendage ||     8
       Sticks to Snakes  ||     2
 Stab: Distracted        ||     1
Armor: Skin              ||    42
Dodge: Dodged            ||    81
